 Dungeon Crawl Stone Soup version 0.29.1-15-g9cfb28693d (webtiles) character file.

Game seed: 1537212052684452687

630 dudediamond6 the Cleaver (level 7, 0/59 HPs)
             Began as a Minotaur Berserker on Feb 25, 2023.
             Was a Believer of Trog.
             Slain by a vampire (6 damage)
             ... on level 5 of the Dungeon.
             The game lasted 00:05:50 (4055 turns).

dudediamond6 the Cleaver (Minotaur Berserker)       Turns: 4055, Time: 00:05:50

Health: 0/59       AC: 10    Str: 24    XL:     7   Next: 24%
Magic:  0/6        EV:  8    Int:  4    God:    Trog [**....]
Gold:   242        SH:  0    Dex:  9    Spells: 6/6 levels left

rFire   . . .      SeeInvis .   t - +0 hand axe (freeze)
rCold   . . .      Faith    .   (no shield)
rNeg    . . .      Spirit   +   m - +0 chain mail
rPois   .          Reflect  .   (helmet restricted)
rElec   .          Harm     .   (no cloak)
rCorr   .          Rampage  .   (no gloves)
Will    ++...                   j - +0 pair of boots
Stlth   ..........              d - amulet of guardian spirit
HPRegen 1.19/turn               (no ring)
MPRegen 0.10/turn               (no ring)

@: strong-willed, on berserk cooldown, regenerating, slowed, very slow
A: horns 2, retaliatory headbutt
a: Renounce Religion, Berserk, Trog's Hand


You were on level 5 of the Dungeon.
You worshipped Trog.
Trog was pleased with you.
You visited 1 branch of the dungeon, and saw 5 of its levels.

You collected 242 gold pieces.

Inventory:

Hand Weapons
 t - a +0 hand axe of freezing (weapon)
Armour
 j - a +0 pair of boots (worn)
 m - a +0 chain mail (worn)
Jewellery
 d - an amulet of guardian spirit (around neck)
Scrolls
 b - a scroll of blinking {unknown}
 e - 2 scrolls of teleportation
 h - 4 scrolls of fear
 i - a scroll of amnesia {unknown}
 k - a scroll of summoning {unknown}
 l - a scroll of vulnerability {unknown}
 n - 3 scrolls of torment {unknown}
 o - a scroll of immolation {unknown}
 p - 2 scrolls of enchant weapon {unknown}
 q - a scroll of noise {unknown}
 r - a scroll of identify
Potions
 c - 2 potions of mutation {unknown}
 f - a potion of curing {unknown}
 g - a potion of invisibility {unknown}
 s - a potion of heal wounds {unknown}


   Skills:
 + Level 4.2 Fighting
 + Level 9.1 Axes
 + Level 3.9 Armour
 - Level 2.1 Dodging
 - Level 1.3 Stealth


You had 6 spell levels left.
You didn't know any spells.
Your spell library was empty.

Dungeon Overview and Level Annotations

Branches:
Dungeon (5/15)             Temple (0/1) D:4

Altars:
Makhleb
Sif Muna

Shops:
D:5 (


Innate Abilities, Weirdness & Mutations

You have a pair of horns on your head.
You reflexively headbutt those who attack you in melee.


Message History

You are confused.
You feel a strong urge to attack something.
The vampire hits you!
The vampire bites you but does no damage.
You are too confused!
You are too confused!
You're too confused to move!
The vampire closely misses you. The vampire barely misses you.
You slash the vampire! You freeze the vampire.
The vampire is moderately damaged.
You're too confused to move!
The vampire barely misses you. The vampire bites you.
The vampire draws strength from your injuries!
You feel a strong urge to attack something.
You are no longer berserk.
You are exhausted.
You feel yourself slow down.
You feel less confused.
The vampire mumbles some strange words.
The vampire flickers and vanishes!
Deactivating autopickup; reactivate with Ctrl-A.
Your skin crawls.
You feel strong-willed. Something hits you. Something bites you!
Something draws strength from your injuries!
A jelly comes into view.
You completely miss something.
The jelly quivers.
Something hits you. Something bites you!
* * * LOW HITPOINT WARNING * * *
Something draws strength from your injuries!
Something hits you but does no damage. Something bites you but does no damage.
You miss something. Something hits you!
* * * LOW HITPOINT WARNING * * *
Something bites you.
* * * LOW HITPOINT WARNING * * *
Something draws strength from your injuries!
You hit something but do no damage. Your headbutt misses something.
Something hits you!
You die...

##### ....# .... ...
########## #.###
........## #...#
##†...∩..## ..#.#
#.{........ ....##
#>@.......# #....##
#.........# #.#...#
#.........#
#.##..#########.........#
#.##...........†..>.J...#
#.####.########.........#
#.# #..# #.........# #.#
##... #.........# #.#
##.. #.........#


You could see a jelly.

Vanquished Creatures
  An ogre (D:4)
  3 scorpions (D:4)
  A howler monkey (D:5)
  2 jellies (D:5)
  Natasha (thrice) (D:2)
  2 iguanas (D:5)
  3 gnolls (D:4)
  6 adders
  A worm (D:5)
  An orc (D:4)
  8 endoplasms
  4 giant cockroaches
  7 hobgoblins
  A quokka (D:3)
  7 ball pythons
  5 bats
  5 frilled lizards
  7 goblins
  3 kobolds
  7 rats
77 creatures vanquished.

Notes
Turn   | Place    | Note
-------+----------+-------------------------------------------
     0 | D:1      | dudediamond6 the Minotaur Berserker began the quest for the
                  | Orb.
     0 | D:1      | Reached XP level 1. HP: 19/19 MP: 0/0
   113 | D:1      | Found a faded altar of an unknown god.
   157 | D:1      | Reached skill level 4 in Axes
   313 | D:1      | Reached XP level 2. HP: 26/26 MP: 1/1
  1011 | D:2      | Noticed Natasha
  1018 | D:2      | Killed Natasha
  1018 | D:2      | Reached ** piety under Trog
  1019 | D:2      | Reached skill level 5 in Axes
  1019 | D:2      | Reached XP level 3. HP: 21/31 MP: 2/2
  1023 | D:2      | Noticed Natasha
  1031 | D:2      | Killed Natasha
  1032 | D:2      | Reached XP level 4. HP: 6/39 MP: 0/3
  1320 | D:2      | Reached skill level 6 in Axes
  1329 | D:2      | Noticed Natasha
  1338 | D:2      | Killed Natasha
  1523 | D:2      | Found a shimmering blue altar of Sif Muna.
  2141 | D:3      | Reached XP level 5. HP: 45/45 MP: 4/4
  2357 | D:3      | Found a burning altar of Makhleb.
  2359 | D:3      | Noticed a green death
  2563 | D:3      | Reached skill level 7 in Axes
  3074 | D:4      | Noticed an ogre
  3081 | D:4      | Killed an ogre
  3082 | D:4      | Reached skill level 8 in Axes
  3082 | D:4      | Reached skill level 1 in Stealth
  3082 | D:4      | Reached XP level 6. HP: 38/51 MP: 2/5
  3543 | D:4      | Found a staircase to the Ecumenical Temple.
  3816 | D:5      | Entered Level 5 of the Dungeon
  3824 | D:5      | Reached XP level 7. HP: 58/59 MP: 6/6
  3929 | D:5      | Reached skill level 9 in Axes
  4017 | D:5      | Found Ywkamn's Antique Weapon Emporium.
  4034 | D:5      | Noticed a vampire
  4055 | D:5      | Slain by a vampire

Illustrated notes

Levels and vault maps discovered:
D:1:      matt_arrival_refuge, layout_loops_ring, ebering_ecumenical_altar_mist,
          minmay_misc_feat_pillars
D:2:      layout_loops_ring, basic_altar, uniq_natasha
D:3:      layout_loops_ring, makhleb_altar_promises_db
D:4:      layout_basic, minmay_temple_entry_mini_moons, grunt_ministairs_9,
          corexii_leaking_fountain
D:5:      layout_rooms, serial_shops, shop

Skill      XL: |  1  2  3  4  5  6  7 |
---------------+----------------------+-----
Axes           | 4 5 6 8 9 |  9.1
Stealth        | 1 |  1.3
Armour         | 3 |  3.9
Fighting       | 4 |  4.2
Dodging        | |  2.1

Action                   |  1- 3 |  4- 6 |  7- 9 || total
-------------------------+-------+-------+-------++-------
Melee: Hand axe          |    43 |   130 |    23 ||   196
       Headbutt          |     5 |    14 |     4 ||    23
       Punch             |     1 |     1 |       ||     2
Invok: Berserk           |     1 |     2 |     1 ||     4
       Trog's Hand       |       |     1 |     1 ||     2
  Use: Scroll            |       |     2 |       ||     2
 Stab: Sleeping          |     1 |       |       ||     1
Armor: Animal skin       |     5 |       |       ||     5
       Leather armour    |     1 |    15 |       ||    16
       Chain mail        |       |    35 |    11 ||    46
Dodge: Dodged            |    25 |    58 |     4 ||    87
